Cogmind - Beta 16 @@@ ROGUE MODE // 2025.11.01 @ 22:53:47 Player: BOBIT Result: Destroyed by Y-45 Defender with Heavy Assault Rifle Performance ------------- Evolutions (2) 1000 Regions Visited (6) 1200 Robots Destroyed (63) 315 Value Destroyed (2280) 2280 Prototype IDs (5) 100 Alien Tech Used (0) 0 Bonus (848) 848 TOTAL SCORE: 5743 Bonus ------- High Alert Combat Kills 261 Follower Combat Kills 587 Cogmind --------- Core Integrity 0/550 Matter 295/300 Energy 208/280 System Corruption 2% Temperature Hot (222) Movement Walking (120) Location -8/Storage Parts ------- > --- POWER (1) -------- Cooled Ion Engine > --- PROPULSION (2) --- Carbon-fiber Leg Carbon-fiber Leg > --- UTILITY (6) ------ Scrap Suit Medium Storage Unit Weight Redist. System Improved Signal Interpreter Hardened Medium Armor Plating > --- WEAPON (2) ------- Advanced EMP Blaster > --- INVENTORY (10) --- Drone Bay (2/2) Drone Bay (2/2) Drone Bay (2/2) Heavy EM Shotgun Advanced EMP Blaster Advanced EMP Blaster Advanced EMP Blaster Advanced EMP Blaster Advanced EMP Blaster Peak State ------------ > --- POWER ------------ Cooled Ion Engine > --- PROPULSION ------- Carbon-fiber Leg Carbon-fiber Leg > --- UTILITY ---------- Scrap Suit Medium Storage Unit Improved Signal Interpreter Advanced Targeting Computer Drone Bay > --- WEAPON ----------- Advanced EMP Blaster Advanced EMP Blaster > --- INVENTORY -------- Cooled Ion Engine Cooled Ion Engine Cooled Ion Engine Aluminum Leg Weight Redist. System Heavy EM Shotgun Advanced EMP Blaster Advanced EMP Blaster [Rating: 39] Favorites ----------- Power Ion Engine Engine Ion Engine Power Core Light Nuclear Core Propulsion Light Treads Treads Light Treads Leg Carbon-fiber Leg Wheel Wheel Utility Medium Storage Unit Device Terrain Scanner Storage Medium Storage Unit Processor Terrain Scan Processor Protection Reflective Plating Weapon Grenade Launcher Energy Gun Small Laser Energy Cannon Beam Cannon Ballistic Gun Light Assault Rifle Launcher Grenade Launcher Slashing Weapon Makeshift Axe Build | -11 -10 -10 -10 -9 -8 -8 ------- Run | Yrd Mat Min Exi Min Mat Sto Slots Evolved 4 | . . . . . 4 . Power . | . . . . . . . Propulsion . | . . . . . . . Utility 4 | . . . . . 4 . Weapon . | . . . . . . . Parts Attached 71 | 5 9 6 1 7 19 24 Power 15 | 1 1 . . 3 3 7 Engine 12 | 1 1 . . 2 2 6 Core 3 | . . . . 1 1 1 Reactor . | . . . . . . . Propulsion 9 | 2 2 2 . . 2 1 Treads 2 | . . 2 . . . . Leg 3 | . . . . . 2 1 Wheel 4 | 2 2 . . . . . Hover . | . . . . . . . Flight . | . . . . . . . Utility 25 | 1 3 2 1 1 9 8 Device 9 | . 2 2 . 1 . 4 Storage 5 | 1 . . 1 . 3 . Processor 6 | . . . . . 4 2 Hackware . | . . . . . . . Protection 5 | . 1 . . . 2 2 Artifact . | . . . . . . . Weapon 22 | 1 3 2 . 3 5 8 Energy Gun 6 | . 1 1 . 1 2 1 Energy Cannon 1 | . 1 . . . . . Ballistic Gun 2 | 1 1 . . . . . Ballistic Cannon . | . . . . . . . Launcher 12 | . . 1 . 1 3 7 Special Weapon . | . . . . . . . Impact Weapon . | . . . . . . . Slashing Weapon 1 | . . . . 1 . . Piercing Weapon . | . . . . . . . Special Melee Weapon . | . . . . . . . Unidentified Prototypes 5 | . . . . . 2 3 Parts Lost 12 | . 3 2 . 1 3 3 Power 6 | . 1 . . 1 2 2 Propulsion 2 | . 1 1 . . . . Utility 2 | . 1 . . . 1 . Weapon 2 | . . 1 . . . 1 Highest Loss Streak 3 | . 3 2 . 1 1 1 To Critical Strikes . | . . . . . . . Average Backups 8 | 3 7 7 8 9 8 8 Power . | . . . . . . 2 Propulsion . | 1 3 . . . . . Utility 4 | . . 4 6 6 4 1 Weapon 2 | 1 2 2 1 1 3 4 Tool/Special . | . . . . . . . Unused Backups 18 | . 5 . . 1 2 10 Power 3 | . 1 . . . . 2 Propulsion 4 | . 2 . . . 1 1 Utility 5 | . . . . 1 1 3 Weapon 6 | . 2 . . . . 4 Tool/Special . | . . . . . . . Average Slot Usage (%) 88 | . 89 86 85 98 86 86 Engine 11 | . 13 14 14 9 7 8 Treads 15 | . . 24 28 28 12 . Leg 5 | . . . . . 5 18 Wheel 3 | . 26 3 . . . . Device 11 | . 8 14 14 14 9 9 Storage 12 | . 14 14 14 14 15 9 Processor 8 | . . . . . 14 22 Protection 1 | . 1 . . . 5 1 Energy Gun 3 | . 6 2 . 8 2 2 Ballistic Gun 1 | . 12 . . . . . Launcher 11 | . . 11 14 14 7 13 Slashing Weapon 1 | . . . . 4 5 . Peak Build Rating 39 | 5 8 8 7 15 30 39 Average Rating 16 | 3 6 6 6 9 21 33 On Entrance 8 | . 5 8 7 7 13 21 Avg Prop Armor Cover (%) 7 | 18 . . . . . 5 Naked Turns . | . . . . . . . Heaviest Build 42 | 11 17 17 19 22 38 42 Greatest Support 40 | 26 26 40 40 40 40 36 Greatest Overweight (x) 5 | . 5 1 . . 1 2 Average Overweight (x) . | . . . . . . . Largest Inventory Capacity 10 | 8 8 8 10 10 10 10 Average Capacity 9 | 7 8 8 9 10 10 10 Most Carried 10 | 7 8 8 10 10 10 10 Average Carried 8 | 3 7 7 9 9 9 9 Final Capacity 10 | 8 8 8 10 10 10 10 Final Carried 10 | 7 8 8 10 10 10 9 Scrap Suit Usage (%) 21 | . . . . . . 74 Parts Cannibalized 16 | . . . . . . 16 Class Distribution -------------------- 89% | Mutant 10% | Commander-Mutant Dominant Class ---------------- Mutant | -10/Materials Mutant | -10/Mines Mutant | -10/Exiles Mutant | -9/Mines Mutant | -8/Materials Mutant | -8/Storage Resources | -11 -10 -10 -10 -9 -8 -8 ----------- Run | Yrd Mat Min Exi Min Mat Sto Matter Collected 1475 | 228 159 107 180 160 211 430 Remotely . | . . . . . . . Salvage Created 2497 | . 220 87 . 120 702 1368 Parts 129 | . 11 4 . 8 43 63 Haulers Intercepted 2 | . . . . . . 2 Recyclers Shooed 2 | . . . . . 2 . Parts Field Recycled . | . . . . . . . Retrieved Matter . | . . . . . . . Parts Self-Destructed . | . . . . . . . Prevented . | . . . . . . . Parts Restored . | . . . . . . . Kills | -11 -10 -10 -10 -9 -8 -8 ------- Run | Yrd Mat Min Exi Min Mat Sto Combat Hostiles Destroyed 47 | . 5 2 . 3 15 22 Melee 1 | . . . . . 1 . Guns 10 | . 5 1 . . 3 1 Cannons 1 | . . 1 . . . . AOE 32 | . . . . 3 11 18 Classes Destroyed 15 | . 1 . . 4 5 5 Worker 2 | . . . . 1 1 . Builder 4 | . . . . . 2 2 Tunneler 3 | . . . . 2 1 . Hauler 2 | . . . . . . 2 Recycler 2 | . . . . . 2 . Mechanic 1 | . . . . . . 1 Operator 1 | . . . . . . 1 Watcher 1 | . . . . . 1 . Swarmer 4 | . . . . . 4 . Grunt 28 | . 5 2 . 1 8 12 Brawler 3 | . . . . 1 . 2 Duelist 1 | . . . . . . 1 Sentry 6 | . . . . . 3 3 Demolisher 4 | . . . . 1 . 3 Hunter 1 | . . . . . . 1 Best Kill Streak 9 | . 3 1 . 2 8 9 Combat Bots Only 9 | . 3 1 . 2 8 9 Max Kills in Single Turn 4 | . 1 1 . 2 3 4 Gunslinging . | . . . . . . . Exploded 4 | . . . . 2 3 4 Melee 1 | . . . . . 1 . Uniques/NPCs Destroyed . | . . . . . . . Combat | -11 -10 -10 -10 -9 -8 -8 -------- Run | Yrd Mat Min Exi Min Mat Sto Hostile Shots Fired 244 | . 32 21 . 10 90 91 Missed 90 | . 7 6 . 8 33 36 Hits 154 | . 25 15 . 2 57 55 Projectile 154 | . 25 15 . 2 57 55 AOE 13 | . . . . 2 . 11 Critical Strikes 1 | . . . . . . 1 Part Disruptions 1 | . . . . . . 1 Damage Taken 3251 | . 344 235 . 149 793 1730 Core 666 | . 100 16 . . 147 403 Absorbed by Shields . | . . . . . . . Ignored by Resistances 62 | . . . . . 62 . Regen/Repaired (Parts) 137 | . . . . . . 137 Core Remaining (%) 76 | 100 . . . 53 . . Volleys Fired 103 | . 19 15 6 7 33 23 Largest 2 | . 2 2 1 2 1 2 Hottest 125 | . 125 125 30 70 63 101 Shots Fired 140 | . 38 21 6 8 33 34 Gun 71 | . 37 6 . 6 19 3 Cannon 16 | . 1 15 . . . . Launcher 53 | . . . 6 2 14 31 Special . | . . . . . . . Kinetic 36 | . 36 . . . . . Thermal 50 | . 2 21 . 6 19 2 Explosive 15 | . . . 6 2 7 . Electromagnetic 39 | . . . . . 7 32 Robot Hit Streak 12 | . 12 4 . 3 6 10 Robot Miss Streak 2 | . 2 2 . 2 2 1 Penetration Max . | . . . . . . . Secondary Targets 2 | . 2 . . . . . Max Gunslinging Chain 1 | . 1 . . . . . Shots Hit Robots 94 | . 29 14 . 7 25 19 Core Hits 101 | . 13 3 . 8 36 41 Critical Kills . | . . . . . . . Critical Parts Destroyed . | . . . . . . . Critical Strikes 2 | . . . . . 2 . Burn 1 | . . . . . 1 . Sever 1 | . . . . . 1 . Melee Attacks 6 | . . . . 3 3 . Impact . | . . . . . . . Slashing 6 | . . . . 3 3 . Piercing . | . . . . . . . Sneak Attacks 3 | . . . . 3 . . Combat Hostiles . | . . . . . . . Follow-up Attacks . | . . . . . . . Damage Inflicted 4305 | . 296 227 . 401 1504 1877 Guns 667 | . 296 69 . 22 242 38 Cannons 157 | . . 157 . . . . Explosions 3131 | . . . . 134 1179 1818 Melee 298 | . . . . 233 65 . Ramming 52 | . . 1 . 12 18 21 Kinetic 278 | . 278 . . . . . Thermal 769 | . 18 226 . 22 344 159 Explosive 761 | . . . . 134 627 . Electromagnetic 2147 | . . . . . 450 1697 Impact . | . . . . . . . Slashing 298 | . . . . 233 65 . Piercing . | . . . . . . . Highest Corruption 2 | . . . . . . 2 Average Corruption 1 | . . . . . . 1 Corruption Purged . | . . . . . . . Corruption Blocked . | . . . . . . . Effects 3 | . . . . . . 3 Message Errors 1 | . . . . . . 1 Heat Flow Errors 1 | . . . . . . 1 Misfires 1 | . . . . . . 1 Overload Shots . | . . . . . . . Overflow Damage 69 | . . 11 . 48 10 . Projectiles 11 | . . 11 . . . . Explosions 10 | . . . . . 10 . Melee 48 | . . . . 48 . . Knockbacks . | . . . . . . . Impact . | . . . . . . . Kinetic . | . . . . . . . Secondary . | . . . . . . . Self-Inflicted Damage 237 | . . . . . 23 214 Shots 12 | . . . . . 1 11 Rammed 3 | . . 1 . 2 . . Targets Rammed 12 | . . 1 . 2 2 7 Kicked 9 | . . . . . 2 7 Crushed . | . . . . . . . Highest Temperature 237 | . 63 222 . 6 237 218 Average Temperature 81 | . 11 146 . 6 91 28 Received Heat Transfer 948 | . 207 132 . 6 297 306 Effects 3 | . . 2 . . . 1 Energy Bleed 1 | . . . . . . 1 Interference 2 | . . 2 . . . . Siege Activations . | . . . . . . . Martial Activations . | . . . . . . . Shielding Activations . | . . . . . . . Robots Disrupted . | . . . . . . . Combat Hostiles . | . . . . . . . Robots Corrupted 3 | . . . . . . 3 Combat Hostiles 3 | . . . . . . 3 Parts Fried 7 | . . . . . 3 4 Impact Corruptions . | . . . . . . . Robots Melted . | . . . . . . . Combat Hostiles . | . . . . . . . Parts Melted 4 | . . 2 . . . 2 Heat Transferred 1410 | . 37 494 . 50 692 137 Parts Sabotaged . | . . . . . . . Parts Stolen . | . . . . . . . Parts Stripped . | . . . . . . . Power Chain Reactions 13 | . . . . . 3 10 Alert | -11 -10 -10 -10 -9 -8 -8 ------- Run | Yrd Mat Min Exi Min Mat Sto Maximum Alert Level 3 | . . . . . 1 3 Low Security (%) 63 | 100 100 100 . 100 33 19 Level 1 15 | . . . . . 66 22 Level 2 14 | . . . . . . 40 Level 3 6 | . . . . . . 17 Level 4 . | . . . . . . . Level 5 . | . . . . . . . High Security . | . . . . . . . Max Security . | . . . . . . . Peak Influence 765 | . 70 30 . 144 343 765 Initial 133 | . . . . . 3 133 Average 204 | . 17 1 . 71 188 472 Influence Increases 2550 | . 151 50 . 356 522 1471 Destroy 0b10 Robot/C 1400 | . 100 40 . 240 300 720 Destroy 0b10 Robot/NC 85 | . . . . 15 35 35 Destroy Leader 306 | . 30 10 . 40 72 154 Allied During Kill 308 | . . . . 35 . 273 Successful Hack 54 | . 21 . . . . 33 Disable Machine 240 | . . . . 15 45 180 Destroy Structure 97 | . . . . 11 40 46 Lose Combat Pursuer 60 | . . . . . 30 30 Influence Decreases 1792 | . 150 51 . 346 216 1029 Entered New Map 191 | . . 1 . . 7 183 Time Decay 1241 | . 130 40 . 336 179 556 Lost Part 100 | . 20 10 . 10 30 30 Lost Ally 260 | . . . . . . 260 Squads Dispatched 12 | . 2 . . . 3 7 Investigation 4 | . 1 . . . 1 2 Extermination . | . . . . . . . Reinforcement 4 | . 1 . . . 2 1 Assault 4 | . . . . . . 4 Garrison . | . . . . . . . Intercept . | . . . . . . . Searches Triggered . | . . . . . . . Construction Impeded 1 | . . . . . 1 . Haulers Reinforced . | . . . . . . . Active Scanning Responses . | . . . . . . . Cargo Convoy Interrupts . | . . . . . . . Stealth | -11 -10 -10 -10 -9 -8 -8 --------- Run | Yrd Mat Min Exi Min Mat Sto Distress Signals 2 | . 1 . . . . 1 Communications Jammed . | . . . . . . . Distress Signals . | . . . . . . . Times Spotted 86 | . 10 2 . 12 19 43 Peak Tracking Total 16 | . 4 2 . 4 7 16 Tactical Retreats 4 | . . . . . 2 2 Traps | -11 -10 -10 -10 -9 -8 -8 ------- Run | Yrd Mat Min Exi Min Mat Sto Traps Triggered 5 | . 4 . . . . 1 Indirectly . | . . . . . . . Trap Hack Attempts . | . . . . . . . Triggered . | . . . . . . . Disarmed . | . . . . . . . Reprogrammed . | . . . . . . . Reused . | . . . . . . . Traps Extracted . | . . . . . . . Installed . | . . . . . . . Triggered . | . . . . . . . Machines | -11 -10 -10 -10 -9 -8 -8 ---------- Run | Yrd Mat Min Exi Min Mat Sto Machines Disabled 16 | . . . . 1 3 12 Max in Single Turn 2 | . . . . . 2 2 Machines Repaired . | . . . . . . . Machines Dismantled . | . . . . . . . Machines Sabotaged . | . . . . . . . Overloaded Fab Kills . | . . . . . . . Hacking | -11 -10 -10 -10 -9 -8 -8 --------- Run | Yrd Mat Min Exi Min Mat Sto Machines Accessed 19 | . 4 1 4 . 2 8 Terminals 13 | . 4 1 . . . 8 Fabricators . | . . . . . . . Repair Stations . | . . . . . . . Recycling Units . | . . . . . . . Scanalyzers 2 | . . . . . 2 . Garrison Access . | . . . . . . . Total Hacks 39 | . 8 5 4 . 6 16 Successful 19 | . 2 2 4 . 4 7 Failed 20 | . 6 3 . . 2 9 Catastrophic 5 | . 2 1 . . . 2 Database Lockouts . | . . . . . . . Manual 13 | . 2 3 3 . . 5 Terminals 29 | . 8 5 . . . 16 Fabricators . | . . . . . . . Repair Stations . | . . . . . . . Recycling Units . | . . . . . . . Scanalyzers 6 | . . . . . 6 . Garrison Access . | . . . . . . . Terminal Hacks 15 | . 2 2 4 . . 7 Record 4 | . . . 4 . . . Open Door 2 | . . . . . . 2 Level Access Points 1 | . . . . . . 1 Branch Access Points 3 | . 1 1 . . . 1 Terminal Index 1 | . 1 . . . . . Locate Traps 1 | . . . . . . 1 Investigation Status 1 | . . 1 . . . . Zone Layout 2 | . . . . . . 2 Fabricator Hacks . | . . . . . . . Repair Station Hacks . | . . . . . . . Recycling Unit Hacks . | . . . . . . . Scanalyzer 4 | . . . . . 4 . Insert Component 1 | . . . . . 1 . Analyze 1 | . . . . . 1 . Retrieve Study 2 | . . . . . 2 . Garrison Access Hacks . | . . . . . . . Unauthorized Hacks . | . . . . . . . Terminals . | . . . . . . . Fabricators . | . . . . . . . Repair Stations . | . . . . . . . Recycling Units . | . . . . . . . Scanalyzers . | . . . . . . . Garrison Access . | . . . . . . . Data Cores Recovered . | . . . . . . . Used . | . . . . . . . Hacking Detections 13 | . 3 1 . . 2 7 Full Trace Events 1 | . . . . . 1 . Feedback Events . | . . . . . . . Feedback Blocked . | . . . . . . . Robot Schematics Acquired . | . . . . . . . Robots Built . | . . . . . . . Authchips . | . . . . . . . Time . | . . . . . . . Total Robot Build Rating . | . . . . . . . Part Schematics Acquired 1 | . . . . . 1 . Parts Built . | . . . . . . . Authchips . | . . . . . . . Time . | . . . . . . . Total Part Build Rating . | . . . . . . . Part Studies Acquired 2 | . . . . . 2 . Parts Repaired . | . . . . . . . Time . | . . . . . . . Parts Recycled . | . . . . . . . Recycled Matter . | . . . . . . . Retrieved Matter . | . . . . . . . Retrieved Components . | . . . . . . . Parts Scanalyzed 1 | . . . . . 1 . Part Schematics Acquired 1 | . . . . . 1 . Parts Damaged . | . . . . . . . Bothacking | -11 -10 -10 -10 -9 -8 -8 ------------ Run | Yrd Mat Min Exi Min Mat Sto Used RIF Installer . | . . . . . . . Robots Hacked . | . . . . . . . Non-combat . | . . . . . . . Combat . | . . . . . . . Robot Hacks Applied . | . . . . . . . Relay Couplers Released . | . . . . . . . Fabnet Peak Effective % . | . . . . . . . Robots Rewired 2 | . . . . . . 2 Allies Hacked . | . . . . . . . Hacks Repelled . | . . . . . . . Allies | -11 -10 -10 -10 -9 -8 -8 -------- Run | Yrd Mat Min Exi Min Mat Sto Total Allies 15 | . . 3 . . . 12 Largest Group 10 | . . 3 3 2 . 10 Highest-Rated Group 203 | . . 40 40 32 . 203 Highest-Rated Ally 31 | . . 16 16 16 . 31 Total Orders 9 | . . . 2 . . 7 STAY 1 | . . . . . . 1 ROAM 1 | . . . 1 . . . FOLLOW 2 | . . . 1 . . 1 GUARD 1 | . . . . . . 1 EXPLORE 2 | . . . . . . 2 RETURN 2 | . . . . . . 2 Ally Attacks 159 | . . . . 18 . 141 Total Damage 2086 | . . . . 380 . 1706 Kills 27 | . . . . 12 . 15 Allies Corrupted . | . . . . . . . Allies Melted . | . . . . . . . Intel | -11 -10 -10 -10 -9 -8 -8 ------- Run | Yrd Mat Min Exi Min Mat Sto Active Infowar (turns) 3437 | . 116 952 1050 764 533 22 Terrain 3321 | . . 952 1050 764 533 22 Structural 116 | . 116 . . . . . Robot Analysis Total . | . . . . . . . Derelict Logs Recovered 3 | . . 1 . 2 . . Drone Launches 4 | . . . . . . 4 Drone Recoveries 2 | . . . . . . 2 Exploration | -11 -10 -10 -10 -9 -8 -8 ------------- Run | Yrd Mat Min Exi Min Mat Sto Turns Passed 5619 | 53 486 1101 1050 767 536 1626 Spaces Moved 3549 | 47 458 715 638 452 270 969 Core 12 | 9 3 . . . . . Treads 1851 | . . 594 638 452 167 . Legs 1072 | . . . . . 103 969 Wheels 614 | 38 455 121 . . . . Hover . | . . . . . . . Flight . | . . . . . . . Fastest Speed 50 | 50 80 80 160 160 120 120 Average Speed 142 | 82 85 146 160 160 145 148 Slowest Speed 300 | 90 300 160 160 160 190 260 Overloaded Moves . | . . . . . . . Propulsion Burnouts . | . . . . . . . Robots Hopped . | . . . . . . . Potential Cave-ins . | . . . . . . . Cave-ins Triggered 1 | . . . . . . 1 Exploration Rate (%) 60 | 3 65 85 93 67 25 87 Regions Visited 6 Branch Regions 4 Pre-discovered Areas 3 | . . 1 . 2 . . Known Exits Taken 2 | . 1 . . . 1 . Unknown Exits Taken 4 | 1 . 1 1 1 . . Scrap Searched 3 | . . 1 . 2 . . Spaces Dug . | . . . . . . . Terrain Destroyed 107 | . . . 15 11 37 44 Melee . | . . . . . . . Projectile . | . . . . . . . AOE 107 | . . . 15 11 37 44 Terrain Rammed . | . . . . . . . Walls Destroyed . | . . . . . . . Machines Disabled . | . . . . . . . Actions | -11 -10 -10 -10 -9 -8 -8 --------- Run | Yrd Mat Min Exi Min Mat Sto Total 3979 | 58 516 747 662 485 379 1132 Wait 80 | . 7 1 10 4 20 38 Move 3543 | 46 457 714 637 451 269 969 Hop . | . . . . . . . Pick Up 54 | 7 10 2 6 3 8 18 Fast Attach 53 | 5 10 3 1 6 15 13 Attach 23 | . 2 2 . 1 4 14 Detach 22 | . 1 2 . 1 3 15 Swap 9 | . 1 2 . . 4 2 Drop 67 | . 9 5 2 7 18 26 Fire 103 | . 19 15 6 7 33 23 Melee 6 | . . . . 3 3 . Ram . | . . . . . . . Kick 9 | . . . . . 2 7 Crush 3 | . . 1 . 2 . . Escape Stasis . | . . . . . . . Rewire 7 | . . . . . . 7 Trap . | . . . . . . . Miscellaneous . | . . . . . . . Route ------- -11/Scrapyard -10/Materials (discovered 3 exits: [*Mat] / *Min x2) -10/Mines (discovered 4 exits: [*Mat x2] / *Exi / [*Sub]) -10/Exiles (discovered 2 exits: [*Min x2]) -9/Mines -8/Materials -8/Storage (discovered 2 exits: Fac / Rec) History --------- Turn | Location | Event 31 | -11/Scrapyard | Discovered new exit (range 15) 54 | -11/Scrapyard | Entered Materials 204 | -10/Materials | Discovered new exit (range 11) 304 | -10/Materials | Build established: Mutant 328 | -10/Materials | Lost 3 parts (1p1n1u) 349 | -10/Materials | Discovered new exit (range 12) 491 | -10/Materials | Identified exit to Mines 540 | -10/Materials | Entered Mines 561 | -10/Mines | Learned location of Zion (-6) 705 | -10/Mines | Found a Scrap Suit stashed away for nefarious purposes 711 | -10/Mines | Found Scrap Suit 728 | -10/Mines | Discovered new exit (range 5) 872 | -10/Mines | Discovered new exit (range 15) 904 | -10/Mines | Assisted by bots powering up and referring to "LRC-V3" 1011 | -10/Mines | Discovered new exit (range 5) 1633 | -10/Mines | Deemed a non-threat by the Exiles lab entrance 1633 | -10/Mines | Discovered new exit (range 5) 1641 | -10/Mines | Entered Exiles 1641 | -10/Exiles | Found Exiles lab abandoned 1641 | -10/Exiles | Accompanied by 3 allies 1679 | -10/Exiles | Discovered new exit (range 15) 2014 | -10/Exiles | Discovered new exit (range 10) 2691 | -10/Exiles | Entered Mines 2691 | -9/Mines | Accompanied by 3 allies 2692 | -9/Mines | Assembled infested the area 2751 | -9/Mines | Learned location of Storage (-8) 3195 | -9/Mines | A weapon hastily lodged in a ceiling crevice suddenly fell to the ground 3314 | -9/Mines | Discovered new exit (range 4) 3458 | -9/Mines | Entered Materials 3458 | -8/Materials | Evolved 4 slots: Utility x4 3681 | -8/Materials | Destroyed 8 combat bots 3910 | -8/Materials | Discovered new exit (range 16) 3934 | -8/Materials | Identified exit to Storage 3994 | -8/Materials | Entered Storage 4300 | -8/Storage | Assisted by bots powering up and referring to "LRC-V3" 4601 | -8/Storage | Build established: Commander-Mutant 4652 | -8/Storage | Met a pair of Derelict thieves 4722 | -8/Storage | Core integrity fell below 50% 4775 | -8/Storage | Lost 6 allies 4789 | -8/Storage | Destroyed 9 combat bots 4794 | -8/Storage | First assault squad dispatched 4799 | -8/Storage | Crushed by falling debris 4799 | -8/Storage | Core integrity fell below 20% 4823 | -8/Storage | Discovered new exit (range 8) 4892 | -8/Storage | Lost 3 allies 5143 | -8/Storage | Build established: Mutant 5461 | -8/Storage | Identified exit to Factory 5461 | -8/Storage | Identified exit to Recycling 5620 | -8/Storage | Destroyed by Y-45 Defender with Heavy Assault Rifle Last Messages --------------- 05489_ Acquired 28 matter. 05491_ Scrap Suit cannibalized Corrupted Carbon-fiber Leg to repair Carbon-fiber Leg. 05492_ Acquired 19 matter. 05497_ Scrap Suit cannibalized Corrupted Carbon-fiber Leg to repair Carbon-fiber Leg. 05551_ DOCPZ/%E6XQPK2T4GXVFZS,VT7X%AAUNQMFX5HI 05552_ Scrap Suit cannibalized Corrupted Med. Storage Unit to repair Med. Storage Unit. 05576_ Connecting with Terminal... >>Layout(Zone) Retrieving Zone 2I layout... Downloaded map data. >>Traps(Locate) Found 2 traps in 1 array: 2x Stasis Trap Map updated. 05612_ K-01 Serf cleans the Terminal. 05618_ System corrupted: Heat flow error (+223). 05619_ Overheating: Energy bleed (-32). Map ----- +----------------------------------------------------+ | ?????????????????????????## ######### % | | ???????????????######### ## %/ %! | | ???????????????# ## ## #########+#### | | ???????????????#= # # #???????# ## | | ???????????????#! ! / + #???????#"""###! | | ???????????????# # # #?????????? ###%= | | ???????????????# ]############?????????? ###* | | ???????????????# #???????# #???????????####[% | | ???????????????####/###???????# ################ # | | ??????????????????# #####?????# ## # %= | | ??????????????????# #"""#?????# ## """" # % | | ??????????????????# #"T"####### ## ""=!" # | | ??????????????????# !! ## + "[ " # ! | | ??????????????????# ! ##### !/""" # | | ##??????????????### #####=!/!"" # %= | | !#??????????????#"" %=%+[[ "" # = [ | | %#??????????????#"T #####[%[= # ! | | !#??????????????#"" """Y #???#[[! # | | #??????????????### """ ##########+########/# | | #???????????###### """ ## % | | #???????????# ## ## = | | #???????????# % ## *[= [% | | +##########??# = ######## ##+#######+##+######+### | | [#??##!###"""#?# # # %!## ==[ | | ########[#???#%###"Y"### # # """ """ ## "" | | # #%#####!## #@# # """ """ ## """ T" | | # +[] !## """" # # # """ """ ## """ "" | | # #[[ %=## """" + + # # """ | | # # ## """" # # # ## | | # + + """" # # # ! ### ##### | | # # ## #^# # #?##?#### | | ####+### #####+###^# ##+########????#*] | | ##?# ### T"###?# #?# #?????# #???????????#]]* | | #?# ""###?# ### ##????#[#???????????# ] | | #?# ##### ### ####### #?#####?????# ] | | ### =#?# #?????## | | " " #! ######################=#?# #?????# | | %[ #????#?#?# ### ### #?????# | | == =%! #????????# """ """ #!%!!=###+########## | | [[!"/ %########## """ """ # !!|% | | [[!# "% =!* + """ """ + | | [ !# " ## """ """ # | | "# ## ! % ## """ """ # ####+######### | | ## ! % ## ####### #?### | | ?# ] ## ! #?????# #?#*! | | ?# ############?????# """" #?# ! | | ### ####### #] ########### ""??" #?### | | ### ## ## *# *!%+ + ""???" #???? | | ?# [ # / [%+= [!=!########### "???"" #???? | | ##= * # ######= !=*#?#???????# "??"" #???? | +----------------------------------------------------+ Best States ------------- Heat Dissipation 41 Energy Generation 23 Energy Capacity 280 Matter Stores 430 Matter Capacity 500 Sight Range 16 Terrain Scan Range 16 Terrain Scan Density 85 Additional Mass Support 6 Armor Coverage 225 Resistance: TH 10 Evasion (%) 55 Targeting Accuracy 8 Recoil Reduction 2 Item Schematics ----------------- Field Laser | -8/Materials | Scanalyzed Robot Schematics ------------------ None Fabricated ------------ Nothing Repaired ---------- Nothing Studied --------- Grenade Launcher | -8/Materials | Hacked Field Laser | -8/Materials | Hacked Alien Tech Used ----------------- None Achievements -------------- None Challenges ------------ None Game ------ Seed ActiveEncryptedBank Manual? 0 Play Time 00:54:49 Cumulative 51.3 hours Start 2025.11.01 @ 22:00:00 End 2025.11.01 @ 22:53:47 Sessions 1 Manual Loads 0 Difficulty Rogue Special Mode None Game No. 107 Rogue 107 Adventurer 0 Explorer 0 Win Type - Total 0 Types 0/0/0/0/0/0/0/0/0/0 Lore% 18 Gallery% 38 Achievement% 25 Wizard Run 0 Options --------- Layout 0 ASCII 0 Keyboard 0 Movement Numpad Keybinds 0 Fullscreen 1 Font 20/SmallcapsGlow Map View 66x50 Zoom Use 0% Tactical HUD 1 Map Filters NONE Filters NONE Steam 1 RUN: 967f7684-ad2a-4635-a51a-d860ee3abc94